 Dungeon Crawl Stone Soup version 0.29-a0-214-g17f627cfee (webtiles) character file.

Game seed: 3699838551838000327

4440 kr3s1m1r the Destroyer (level 10, 0/58 HPs)
             Began as an Octopode Hedge Wizard on Feb 24, 2022.
             Was a Believer of Vehumet.
             Slain by a killer bee (7 damage)
             ... on level 8 of the Dungeon.
             The game lasted 00:52:23 (15034 turns).

kr3s1m1r the Destroyer (Octopode Hedge Wizard)     Turns: 15034, Time: 00:52:23

Health: 0/58       AC:  1    Str: 15    XL:     10   Next: 37%
Magic:  16/30      EV: 14    Int: 21    God:    Vehumet [**....]
Gold:   237        SH:  0    Dex: 18    Spells: 12/23 levels left

rFire   . . .      SeeInvis +   m - staff of conjuration
rCold   . . .      Faith    .   (no shield)
rNeg    . . .      Spirit   .   b - +0 hat
rPois   .          Reflect  .   (no amulet)
rElec   .          Harm     .   k - +4 ring of slaying
rCorr   .          Rampage  .   a - ring of see invisible
Will    .....                   s - +6 ring of dexterity
Stlth   ++++......              u - ring of magical power
HPRegen 0.19/turn               D - +6 ring of strength
MPRegen 0.22/turn               (no ring)
                                (no ring)
                                (no ring)

@: no status effects
A: almost no armour, amphibious, 8 rings, camouflage 1, gelatinous body 1,
(nimble swimmer 1), tentacles
a: Renounce Religion


You were on level 8 of the Dungeon.
You worshipped Vehumet.
Vehumet was pleased with you.
You visited 2 branches of the dungeon, and saw 9 of its levels.

You collected 302 gold pieces.
You spent 65 gold pieces at shops.

Inventory:

Hand Weapons
 l - a +1 dagger of speed
 r - a +2 whip of freezing
Missiles
 d - 4 poisoned darts (quivered)
 A - 4 curare-tipped darts
Armour
 b - a +0 hat (worn)
Magical Staves
 m - a staff of conjuration (weapon)
Jewellery
 a - a ring of see invisible (right tentacle)
 k - a +4 ring of slaying (left tentacle)
 s - a +6 ring of dexterity (on tentacle)
 u - a ring of magical power (on tentacle)
 x - an amulet of faith
 D - a +6 ring of strength (on tentacle)
Wands
 n - a wand of digging (4)
 v - a wand of flame (53)
Scrolls
 e - a scroll of enchant weapon
 g - 3 scrolls of amnesia
 h - a scroll of noise
 j - 3 scrolls of vulnerability
Potions
 c - a potion of heal wounds
 i - 3 potions of curing
 o - a potion of flight
 p - a potion of degeneration
 z - a potion of resistance
 B - a potion of berserk rage {unknown}


   Skills:
 + Level 1.3 Fighting
 + Level 2.5 Dodging
 + Level 3.5 Stealth
 + Level 7.3 Spellcasting
 * Level 10.6 Conjurations
 - Level 1.0 Summonings
 - Level 4.0 Translocations
 + Level 4.3 Fire Magic
 - Level 2.0 Air Magic
 - Level 2.0 Poison Magic


You had 12 spell levels left.
You knew the following spells:

 Your Spells              Type           Power      Damage    Failure   Level
h - Call Imp              Summ           11%        N/A       9%          2
q - Blink                 Tloc           48%        N/A       2%          2
r - Conjure Flame         Conj/Fire      56%        6-21      1%          3
t - Mephitic Cloud        Conj/Pois/Air  42%        N/A       3%          3
z - Magic Dart            Conj           100%       1d8       1%          1

Your spell library contained the following spells:

 Spells                   Type           Power      Damage    Failure   Level
 Dazzling Flash           Conj/Hex       90%        N/A       2%          3
 Slow                     Hex            28%        N/A       9%          1
 Dispersal                Tloc           12%        N/A       94%         6
 Disjunction              Tloc           12%        N/A       100%        8


Dungeon Overview and Level Annotations

Branches:
Dungeon (8/15)             Temple (1/1) D:4            Lair (0/6) D:8

Altars:
Ashenzari
Dithmenos
Elyvilon
Hepliaklqana
Makhleb
Nemelex Xobeh
Okawaru
Qazlal
Uskayaw
Vehumet
Wu Jian
Xom
Yredelemnul
Zin
The Shining One

Shops:
D:2 ?

Annotations:
D:4 exclusion: downstairs
D:7 exclusion: boulder beetle


Innate Abilities, Weirdness & Mutations

You cannot wear most types of armour.
You are amphibious.
You can wear up to eight rings at the same time.
Your skin changes colour to match your surroundings (Stealth+).
Your rubbery body absorbs attacks. (AC +1, EV +1)
((You are camouflaged when in or above water. (Stealth+)))
You have tentacles for arms and can constrict up to eight enemies at once.


Message History

Okay, then.
You feel much better. The killer bee stings you.
You are poisoned.
The killer bee poisons you! The killer bee barely misses you.
The killer bee closely misses you.
The centaur shoots an arrow.
The arrow closely misses you.
The arrow misses the killer bee.
The killer bee barely misses you. x2; The centaur shoots an arrow.
The arrow barely misses you.
The arrow hits the killer bee!
The killer bee stings you!
The killer bee buzzes angrily.
You feel sick.
You hear a bellow!
The killer bee stings you!
* * * LOW HITPOINT WARNING * * *
The killer bee barely misses you.
The centaur shoots an arrow.
The arrow closely misses you.
The centaur shoots an arrow.
The arrow barely misses you. The killer bee closely misses you.
The killer bee barely misses you.
You feel much better.
You feel sick. The killer bee stings you. The killer bee completely misses you.
The killer bee misses you. x2
A yak comes into view.
The killer bee completely misses you. The killer bee closely misses you. x2
You feel sick. The wyvern bites you!
* * * LOW HITPOINT WARNING * * *
The wyvern bites you!
* * * LOW HITPOINT WARNING * * *
Unknown command.
You feel better. The killer bee barely misses you.
The killer bee closely misses you. x2; The wyvern bites you.
* * * LOW HITPOINT WARNING * * *
The killer bee misses you.
Unknown command.
Found a staircase to the Lair.
The killer bee closely misses you. The killer bee completely misses you.
The killer bee closely misses you.
A yak comes into view.
The killer bee barely misses you.
A yak comes into view. x2
The killer bee stings you but does no damage.
The killer bee stings you!
You die...

...
...♣...##...###l....
.#. ............#
... .. .......P...##
. . >.........####..
..P.......#.....
.Y..Y..y.c......
......yyl#......
......yyy#......
......#@##...##.
.....##..#....#
..... ##......# ..##
##..... . ##..# .# #


You could see 2 yaks, a wyvern, a centaur and 6 killer bees.

Vanquished Creatures
  Pikel (D:4)
  Grinder (D:3)
  Sigmund (D:3)
  A wyvern (D:8)
  Eustachio (D:4)
  Edmund (D:4)
  2 water moccasins (D:8)
  Pargi (D:3)
  An orc warrior (D:6)
  2 ice beasts
  A necrophage (D:5)
  3 sky beasts
  2 ogres
  2 centaurs (D:8)
  3 lemures (D:4)
  A phantom (D:5)
  A wyvern zombie (D:5)
  2 gnoll sergeants (D:7)
  4 scorpions
  A water moccasin skeleton (D:5)
  6 killer bees (D:8)
  2 centaur zombies
  2 hounds
  Crazy Yiuf (D:4)
  8 orc priests
  A centaur skeleton (D:6)
  5 iguanas
  A scorpion zombie (D:4)
  6 orc wizards
  3 hound zombies (D:4)
  Robin (D:3)
  11 gnolls
  10 adders
  A shadow imp (D:6)
  2 ufetubi (D:7)
  6 adder zombies
  A worm (D:2)
  A dart slug (D:3)
  32 orcs
  10 endoplasms
  3 giant cockroaches (D:1)
  14 goblins
  12 hobgoblins
  7 jackals
  4 quokkas
  10 ball pythons
  6 bats
  4 frilled lizards
  5 kobolds
  3 rats
210 creatures vanquished.

Vanquished Creatures (others)
  3 fungi (D:8)
  27 plants (D:8)
  5 withered plants (D:4)
35 creatures vanquished.

Grand Total: 245 creatures vanquished

Notes
Turn   | Place    | Note
-------+----------+-------------------------------------------
     0 | D:1      | kr3s1m1r the Octopode Hedge Wizard began the quest for the
                  | Orb.
     0 | D:1      | Reached XP level 1. HP: 11/11 MP: 4/4
   136 | D:1      | Reached XP level 2. HP: 17/17 MP: 0/6
   161 | D:1      | Learned a level 2 spell: Blink
   330 | D:1      | Reached skill level 2 in Conjurations
   836 | D:1      | Reached XP level 3. HP: 21/21 MP: 1/7
  1874 | D:2      | Found a faded altar of an unknown god.
  2027 | D:2      | Reached XP level 4. HP: 27/27 MP: 3/9
  2095 | D:2      | Found Jonehyupt's Magic Scroll Shop.
  2106 | D:2      | Bought a scroll of teleportation for 39 gold pieces
  2106 | D:2      | Bought a scroll of identify for 26 gold pieces
  2257 | D:2      | Reached skill level 3 in Conjurations
  3390 | D:3      | Noticed Pargi
  3585 | D:3      | Identified the +1 robe of the Blessed Realm {Rampage rPois
                  | Will++}
  3597 | D:3      | Reached XP level 5. HP: 31/31 MP: 2/10
  3680 | D:3      | Learned a level 3 spell: Mephitic Cloud
  3851 | D:3      | Noticed Grinder
  3916 | D:3      | Noticed Robin
  3920 | D:3      | Paralysed by Grinder for 2 turns
  3923 | D:3      | Noticed Sigmund
  4684 | D:4      | Learned a level 3 spell: Conjure Flame
  4896 | D:4      | Reached skill level 1 in Poison Magic
  5168 | D:4      | Found a staircase to the Ecumenical Temple.
  5176 | D:4      | Noticed Pikel
  5176 | D:4      | Noticed a lemure
  5178 | Temple   | Entered the Ecumenical Temple
  5550 | Temple   | Became a worshipper of Vehumet
  5564 | D:4      | Noticed a lemure
  5583 | D:4      | Reached XP level 6. HP: 21/36 MP: 5/11
  5587 | D:4      | Reached skill level 1 in Air Magic
  5667 | D:5      | Entered Level 5 of the Dungeon
  5667 | D:5      | Noticed Edmund
  5750 | D:4      | Reached skill level 4 in Conjurations
  5841 | D:4      | Reached skill level 1 in Fire Magic
  6330 | D:5      | Noticed a necrophage
  6429 | D:5      | Reached XP level 7. HP: 34/41 MP: 9/13
  7059 | D:4      | Noticed Eustachio
  7087 | D:4      | Killed Eustachio
  7088 | D:4      | Reached skill level 5 in Conjurations
  7278 | D:3      | Killed Pargi
  7279 | D:3      | Reached XP level 8. HP: 46/46 MP: 1/14
  7545 | D:3      | Killed Robin
  7683 | D:3      | Killed Grinder
  7840 | D:3      | Killed Sigmund
  7841 | D:3      | Reached skill level 5 in Spellcasting
  7841 | D:3      | Reached skill level 6 in Conjurations
  7913 | D:3      | Learned a level 2 spell: Call Imp
  8442 | D:4      | Found an iron altar of Okawaru.
  8515 | D:4      | Reached * piety under Vehumet
  8515 | D:4      | Offered knowledge of Freeze by Vehumet.
  8881 | D:4      | Killed Pikel
  8882 | D:4      | Reached skill level 7 in Conjurations
  8882 | D:4      | Reached XP level 9. HP: 41/51 MP: 6/17
  9060 | D:4      | Reached skill level 8 in Conjurations
  9168 | D:4      | Found a runed translucent door.
  9169 | D:4      | Noticed Crazy Yiuf
  9248 | D:4      | Killed Edmund
  9399 | D:4      | Killed Crazy Yiuf
 10008 | D:5      | Found a glowing golden altar of the Shining One.
 10911 | D:6      | Found a broken altar of Ashenzari.
 11282 | D:6      | Reached skill level 9 in Conjurations
 11448 | D:6      | Found a hide-covered altar of Uskayaw.
 12693 | D:7      | Offered knowledge of Searing Ray by Vehumet.
 12705 | D:7      | Reached ** piety under Vehumet
 13064 | D:7      | Noticed a boulder beetle
 13293 | D:7      | Reached skill level 10 in Conjurations
 13427 | D:7      | Reached XP level 10. HP: 56/56 MP: 20/20
 13555 | D:7      | Found a shimmering altar of Xom.
 13973 | D:7      | Found a burning altar of Makhleb.
 14634 | D:8      | Noticed a two-headed ogre
 14858 | D:8      | Offered knowledge of Dazzling Flash by Vehumet.
 14884 | D:8      | Reached skill level 1 in Fighting
 15033 | D:8      | Found a staircase to the Lair.
 15034 | D:8      | Slain by a killer bee

Illustrated notes

Levels and vault maps discovered:
D:1:      amcnicky_arrival_blooded_trapdoor, layout_basic, grunt_decor_cap,
          chequers_decorated_corner, minmay_tetromino_l4
D:2:      minmay_diamond_boxcup, layout_basic, shapermc_ecumenical_altar_petra,
          serial_shops, nicolae_shop_stone
D:3:      layout_basic, kennysheep_generic_room_5, uniq_sigmund, uniq_grinder,
          uniq_robin, uniq_pargi
D:4:      layout_loops_ring, mainiacjoe_overflow_chevrons,
          minmay_temple_entry_waves, serial_undead, serial_undead_d,
          serial_undead_e, serial_undead_c, serial_undead_c, uniq_pikel,
          uniq_eustachio, uniq_crazy_yiuf_cottage
D:5:      layout_loops_cross, lemuel_tele_altar, uniq_edmund
D:6:      layout_loops_corners, mainiacjoe_overflow_six_doors_small,
          lemuel_round_altar, minmay_misc_feat_rows, serial_bayou_pond_c,
          nicolae_figureground_sparkle
D:7:      layout_loops_corners, mainiacjoe_overflow_boulevard,
          makhleb_heckhound_becter
D:8:      layout_cave_pools, mainiacjoe_overflow_alcove_2, slow_altar_2,
          minmay_lair_entry_grove, enter_ossuary_1,
          nicolae_straight_to_the_point
Temple:   compressed_dpeg_triangle_lava_temple

Skill      XL: |  1  2  3  4  5  6  7  8  9 10 |
---------------+-------------------------------+-----
Conjurations   | 2 3 4 5 7 10 | 10.6
Translocations | 2 3 4 |  4.0
Poison Magic   | 1 2 |  2.0
Air Magic      | 1 2 |  2.0
Fire Magic     | 1 2 4 |  4.3
Spellcasting   | 4 5 7 |  7.3
Stealth        | 3 |  3.5
Fighting       | 1 |  1.3
Dodging        | |  2.5
Summonings     | |  1.0

Action                   |  1- 3 |  4- 6 |  7- 9 | 10-12 || total
-------------------------+-------+-------+-------+-------++-------
Melee: Dagger            |    12 |       |       |       ||    12
       Tentacles         |     2 |       |    15 |     4 ||    21
       Constrict         |     2 |     1 |    13 |     4 ||    20
       Staff             |       |     3 |    47 |    17 ||    67
Throw: Dart              |       |       |     4 |       ||     4
 Cast: Magic Dart        |   100 |   205 |   349 |    87 ||   741
       Blink             |       |     1 |     1 |       ||     2
       Mephitic Cloud    |       |       |    28 |     7 ||    35
       Conjure Flame     |       |       |    26 |    11 ||    37
  Use: Scroll            |       |     9 |     3 |     7 ||    19
       Potion            |       |       |     2 |     7 ||     9
 Stab: Confused          |       |       |     3 |     3 ||     6
Armor: Skin              |     4 |     6 |     5 |     2 ||    17
Dodge: Dodged            |    16 |    49 |    60 |    56 ||   181

Table legend: (Time is in decaauts)
 A = Elapsed time spent in this place.
 B = Non-inter-level travel time spent in this place.
 C = Inter-level travel time spent in this place.
 D = Time resting spent in this place.
 E = Time spent auto-exploring this place.
 F = Levels seen in this place.
 G = Mean time per level.
                   A        B        C        D        E       F      G
               +--------+--------+--------+--------+--------+-----+--------+
         Total |  15072 |  14103 |    969 |   4338 |   6564 |   9 | 1674.7 |
       Dungeon |  14688 |  13719 |    969 |   4338 |   6211 |   8 | 1836.0 |
        Temple |    383 |    383 |      0 |      0 |    353 |   1 |  383.0 |
               +--------+--------+--------+--------+--------+-----+--------+

Top non-repeatable levels by time:
     D:4: 2611 daAuts
     D:5: 2237 daAuts
     D:3: 2079 daAuts
     D:2: 2034 daAuts
     D:7: 2018 daAuts
     D:6: 1857 daAuts
     D:1: 1437 daAuts
     D:8: 412 daAuts
  Temple: 383 daAuts
